 Dungeon Crawl Stone Soup version 0.27-a0-1119-gbf574a6a6b (webtiles) character file.

Game seed: 3918843062594908885

13 Zeld the Skirmisher (level 2, -6/21 HPs)
             Began as an Octopode Fighter on May 2, 2021.
             Mangled by a worm (7 damage)
             ... on level 2 of the Dungeon.
             The game lasted 00:00:53 (383 turns).

Zeld the Skirmisher (Octopode Fighter)               Turns: 383, Time: 00:00:54

Health: -6/21      AC:  1    Str: 15    XL:     2   Next: 37%
Magic:  2/2        EV: 11    Int: 10    God:
Gold:   0          SH:  8    Dex: 11    Spells: 1/1 levels left

rFire    . . .     SeeInvis .   a - +0 war axe
rCold    . . .     Faith    .   b - +0 kite shield
rNeg     . . .     Spirit   .   (helmet restricted)
rPois    .         Reflect  .   (no amulet)
rElec    .         Harm     .   (no ring)
rCorr    .         Rampage  .   (no ring)
Will     .....                  (no ring)
Stlth    ++........             (no ring)
HPRegen  0.07/turn              (no ring)
MPRegen  0.08/turn              (no ring)
                                (no ring)
                                (no ring)

@: no status effects
A: almost no armour, amphibious, 8 rings, camouflage 1, gelatinous body 1,
(nimble swimmer 1), tentacles
a: no special abilities


You were on level 2 of the Dungeon.
You visited 1 branch of the dungeon, and saw 3 of its levels.

Inventory:

Hand Weapons
 a - a +0 war axe (weapon)
Armour
 b - a +0 kite shield (worn)
Potions
 c - a potion of might
 d - a potion of brilliance {unknown}
 e - a potion of cancellation {unknown}


   Skills:
 * Level 3.2 Fighting
 * Level 2.3 Axes
 - Level 3.0 Dodging
 * Level 3.2 Shields


You had one spell level left.
You didn't know any spells.
Your spell library was empty.

Dungeon Overview and Level Annotations

Branches:
Dungeon (3/15)

Altars:


Innate Abilities, Weirdness & Mutations

You cannot wear most types of armour.
You are amphibious.
You can wear up to eight rings at the same time.
Your skin changes colour to match your surroundings (Stealth+).
Your rubbery body absorbs attacks. (AC +1, EV +1)
((You are camouflaged near water. (Stealth+)))
You have tentacles for arms and can constrict up to eight enemies at once.


Message History

Things that are here:
a +0 dagger; a kobold corpse You see here a +0 mace.
There is a stone staircase leading up here.
You block the orc's attack.
You climb upwards.
The kobold throws a stone.
You block the stone.
There is a stone staircase leading down here.
The kobold throws a stone.
You block the stone.
You see here a book of Air.
The kobold throws a stone.
The stone hits you.
* * * LOW HITPOINT WARNING * * *
The kobold throws a stone.
The stone barely misses you.
The kobold throws a stone.
You block the stone.
A ball python comes into view.
A bat comes into view.
The bat moves out of view.
A ball python comes into view.
A worm comes into view.
Found a fizzy silvery potion.
The ball python hisses angrily.
The kobold throws a stone.
The stone barely misses you. The kobold misses you.
You hit the kobold but do no damage. Your grab misses the kobold.
You squeeze the kobold.
The kobold is severely wounded.
You closely miss the ball python. The ball python bites you.
* * * LOW HITPOINT WARNING * * *
The ball python misses you. The kobold misses you. The ball python misses you.
You block the ball python's attack. You block the kobold's attack.
You barely miss the kobold. You grab the kobold. You squeeze the kobold.
You kill the kobold!
You barely miss the ball python. You block the ball python's attack.
The ball python grabs you.
* * * LOW HITPOINT WARNING * * *
The ball python constricts you. The ball python closely misses you.
* * * LOW HITPOINT WARNING * * *
The ball python constricts you.
You hit the ball python. You grab the ball python. You squeeze the ball python.
You kill the ball python!
You hit the worm. You block the bat's attack. The worm bites you!
You die...

........# #..
## !......# #..
..
.....####.#..
.#
#......#.#.##.#
#......#.#....#
#bw....#.#....#
##S#####.#....#
#†## #^#<...#
#@.# #.#....#
##w## #......#
#..# ###....#
##.# #....#
####.### #.####
#......# #.#
..# #......#
#.# ..#
#......# #.#
...# #......#
#.# ...#


You could see 2 worms, a bat and a ball python.

Vanquished Creatures
  4 orcs (D:3)
  A hobgoblin (D:1)
  2 ball pythons
  A goblin (D:1)
  2 kobolds
10 creatures vanquished.

Notes
Turn   | Place    | Note
-------+----------+-------------------------------------------
     0 | D:1      | Zeld the Octopode Fighter began the quest for the Orb.
     0 | D:1      | Reached XP level 1. HP: 16/16 MP: 1/1
   304 | D:3      | Reached XP level 2. HP: 16/21 MP: 2/2
   382 | D:2      | HP: 1/21 [ball python (1)]
   383 | D:2      | Mangled by a worm

Illustrated notes

Levels and vault maps discovered:
D:1:      dpeg_arrival_round_c, layout_basic, serial_rivers,
          chequers_serial_rivers_room_b, chequers_serial_rivers_room_b,
          chequers_serial_rivers_small_3, chequers_serial_rivers_small_b,
          chequers_serial_rivers_large_b, chequers_serial_rivers_micro_c
D:2:      layout_basic, shapermc_ecumenical_altar_notcrosses
D:3:      layout_loops_ring, lemuel_tele_altar, serial_shops,
          nicolae_shop_trees, uniq_crazy_yiuf_cottage

Action                   || total
-------------------------++-------
Melee: War axe           ||    19
       Constrict         ||     7
       Tentacles         ||     4
Dodge: Dodged            ||    17
Block: Kite shield       ||    16

Table legend: (Time is in decaauts)
 A = Elapsed time spent in this place.
 B = Non-inter-level travel time spent in this place.
 C = Inter-level travel time spent in this place.
 D = Time resting spent in this place.
 E = Time spent auto-exploring this place.
 F = Levels seen in this place.
 G = Mean time per level.
                   A        B        C        D        E       F      G
               +--------+--------+--------+--------+--------+-----+--------+
         Total |    394 |    377 |     17 |      4 |    237 |   3 |  131.3 |
       Dungeon |    394 |    377 |     17 |      4 |    237 |   3 |  131.3 |
               +--------+--------+--------+--------+--------+-----+--------+

Top non-repeatable levels by time:
     D:3: 242 daAuts
     D:2: 78 daAuts
     D:1: 73 daAuts
